 Dungeon Crawl Stone Soup version 0.20.0-15-g7f486f2 (webtiles) character file.

133 Zachthehappycat the Gusty (level 5, 0/29 HPs)
             Began as a Tengu Air Elementalist on July 1, 2017.
             Slain by an iguana (9 damage)
             ... on level 3 of the Dungeon.
             The game lasted 00:11:24 (2625 turns).

Zachthehappycat the Gusty (Tengu Air Elementalist)  Turns: 2625, Time: 00:11:25

Health: 0/29       AC:  2    Str:  8    XL:     5   Next: 16%
Magic:  0/9        EV: 13    Int: 14    God:
Gold:   176        SH:  0    Dex: 15    Spells: 7/8 levels left

rFire    . . .     SeeInvis .   m - +1 short sword (drain)
rCold    . . .     Gourm    .   (no shield)
rNeg     . . .     Faith    .   a - +0 robe
rPois    .         Spirit   +   g - +0 hat
rElec    .         Reflect  .   i - scarf {Spirit}
rCorr    .         Harm     .   (no gloves)
MR       .....                  (boots unavailable)
Stlth    ++........             (no amulet)
Regen    0.1/turn               (no ring)
MPRegen  0.2/turn               (no ring)

@: no status effects
A: beak, talons 3, dopey 1, screaming 1, able to fly 1
a: Fly


You were on level 3 of the Dungeon.
You were not hungry.

You visited 1 branch of the dungeon, and saw 3 of its levels.

You collected 176 gold pieces.

Inventory:

Hand Weapons
 m - a +1 short sword of draining (weapon)
 t - a +2 mace of holy wrath
 u - a +0 hunting sling
Missiles
 d - 83 stones (quivered)
 e - 31 arrows
 l - 40 bolts
 o - 30 poisoned needles
 w - 5 javelins
Armour
 a - a +0 robe (worn)
 g - a +0 hat (worn)
 i - a scarf of spirit shield (worn)
Scrolls
 f - a scroll of identify
 q - 2 scrolls of blinking {unknown}
 s - a scroll of remove curse {unknown}
Potions
 n - a potion of agility
 p - a potion of ambrosia
 r - a potion of invisibility
 v - a potion of heal wounds {unknown}
Books
 b - a book of Air

   Spells                             Type                      Level
   a - Shock                          Conjuration/Air              1
   b - Swiftness                      Charms/Air                   2
   c - Static Discharge               Conjuration/Air              3
   d - Airstrike                      Air                          4
   e - Lightning Bolt                 Conjuration/Air              5
Comestibles
 c - a bread ration
 h - a royal jelly
 j - 5 fruits
 k - a meat ration
 x - 4 chunks of flesh


   Skills:
 + Level 1.1 Fighting
 + Level 1.3 Short Blades
 + Level 1.2 Armour
 + Level 2.9 Dodging
 + Level 2.8 Stealth
 + Level 2.3 Spellcasting
 + Level 2.4 Conjurations
 + Level 4.8 Air Magic


You had 7 spell levels left.
You knew the following spells:

 Your Spells              Type           Power        Failure   Level  Hunger
a - Shock                 Conj/Air       ##..         4%          1    #......


Dungeon Overview and Level Annotations

Branches:
Dungeon (3/15)

Altars:
Fedhas


Innate Abilities, Weirdness & Mutations

You have a beak for a mouth.
You have claws for feet.
You can fly.
You are dopey. (Int -2)
You occasionally shout uncontrollably at your foes.


Message History

The bat barely misses you. The bat hits you but does no damage.
The adder barely misses you. The orc closely misses you.
The bat barely misses you. The adder barely misses you.
The bat hits you but does no damage. The bat hits you but does no damage.
The bat hits you but does no damage.
An iguana comes into view.
The iguana hisses angrily.
The adder bites you.
A rat comes into view.
The iguana completely misses you. The rat bites you but does no damage.
A goblin comes into view.
Found a helmet.
The goblin hits you.
You puncture the goblin!
You kill the goblin!
The iguana bites you but does no damage.
The iguana bites you!
You die...

#### #...# #..# .#
## #..# .#. ##..##.
..##
###..##...##..#
#...##..[.†@r.#
#.#..##...##l.#
#####.##..##.##.S##
#.....#.#ob###S.#.#
#...####.#..#.b#.##
#...# #.#.#..o#.#.#
##...#
#############
#....# .....#


You could see an iguana, an adder and a rat.

Vanquished Creatures
  A worker ant (D:3)
  4 adders
  A worm (D:3)
  2 dart slugs (D:2)
  A ball python (D:2)
  10 bats
  5 giant cockroaches
  11 goblins
  7 hobgoblins
  8 jackals (D:2)
  6 kobolds
  3 frilled lizards
  6 rats
65 creatures vanquished.

Notes
Turn   | Place    | Note
-------+----------+-------------------------------------------
     0 | D:1      | Zachthehappycat the Tengu Air Elementalist began the quest for the Orb.
     0 | D:1      | Reached XP level 1. HP: 10/10 MP: 4/4
   604 | D:1      | Reached XP level 2. HP: 15/15 MP: 6/6
  1126 | D:1      | Reached XP level 3. HP: 17/19 MP: 7/7
  1567 | D:2      | Reached skill level 1 in Armour
  1619 | D:2      | Reached XP level 4. HP: 21/24 MP: 6/8
  1640 | D:2      | Found a blossoming altar of Fedhas.
  1960 | D:3      | Reached skill level 1 in Short Blades
  1973 | D:3      | Gained mutation: You are dopey. (Int -2) [potion of mutation]
  1973 | D:3      | Gained mutation: You occasionally shout uncontrollably at your foes. [potion of mutation]
  2041 | D:3      | Reached skill level 1 in Fighting
  2453 | D:3      | Gained mutation: You can fly. [Tengu growth]
  2453 | D:3      | Reached XP level 5. HP: 21/29 MP: 5/9
  2625 | D:3      | Slain by an iguana

Skill      XL: |  1  2  3  4 |
---------------+-------------+-----
Armour         | 1 |  1.2
Conjurations   | 2 |  2.4
Short Blades   | 1 |  1.3
Fighting       | 1 |  1.1
Dodging        | |  2.9
Stealth        | |  2.8
Spellcasting   | |  2.3
Air Magic      | |  4.8

Action                   |  1- 3 |  4- 6 || total
-------------------------+-------+-------++-------
Melee: Unarmed           |    20 |       ||    20
       Kick              |    16 |    12 ||    28
       Club              |     5 |       ||     5
       Peck              |     6 |     7 ||    13
       Short sword       |    72 |    74 ||   146
Throw: Stone             |       |    17 ||    17
 Cast: Shock             |       |    12 ||    12
  Use: Potion            |     1 |     5 ||     6
       Scroll            |     1 |       ||     1
 Stab: Sleeping          |     5 |     3 ||     8
  Eat: Chunk             |     2 |     4 ||     6
Armor: Robe              |    33 |    16 ||    49
Dodge: Dodged            |   114 |    59 ||   173
